3AAA
SANTA BARBARA GOLDEN CRANES @ PORT ROYAL DISASTER
09/13/2026
 
TOP OF THE 1ST
Santa Barbara Golden Cranes batting - Pitching for Port Royal Disaster : RHP Dennis Brown
Pitching: RHP Dennis Brown
Batting: RHB Luis Trevino 0-0: Foul Ball, location: 2F
0-1: Foul Ball, location: 2F
0-2: Ball
1-2: Fly out, F9 (Flyball, 9)
Batting: RHB Ángel López 0-0: Ground out 5-3 (Groundball, 56)
Batting: LHB Sixto Álvarez 0-0: Foul Ball, location: 2F
0-1: Ball
1-1: Foul Ball, location: 2F
1-2: Ball
2-2: Foul Ball, location: 2F
2-2: Ball
3-2: Fly out, F8 (Line Drive, 8LS)
Top of the 1st over - 0 run(s), 0 hit(s), 0 error(s), 0 left on base; Santa Barbara 0 - Port Royal 0
BOTTOM OF THE 1ST
Port Royal Disaster batting - Pitching for Santa Barbara Golden Cranes : RHP Rocky Lannan
Pitching: RHP Rocky Lannan
Batting: RHB Aurelio García 0-0: Called Strike
0-1: Ground out 6-3 (Groundball, 6)
Batting: RHB David McJannett 0-0: Ball
1-0: Fly out, F9 (Flyball, 89S)
Batting: RHB Manuel Becerra 0-0: Called Strike
0-1: Foul Ball, location: 2F
0-2: Foul Ball, location: 2F
0-2: Ground out 6-3 (Groundball, 6)
Bottom of the 1st over - 0 run(s), 0 hit(s), 0 error(s), 0 left on base; Santa Barbara 0 - Port Royal 0
TOP OF THE 2ND
Santa Barbara Golden Cranes batting - Pitching for Port Royal Disaster : RHP Dennis Brown
Batting: RHB Logan Manning 0-0: Ground out 5-3 (Groundball, 56)
Batting: RHB Rubén Campos 0-0: Called Strike
0-1: Ball
1-1: Foul Ball, location: 2F
1-2: Foul Ball, location: 2F
1-2: Strikes out swinging
Batting: RHB Lúcio Sánchez 0-0: Called Strike
0-1: Ball
1-1: Foul Ball, location: 2F
1-2: Strikes out swinging, 2-3 out at first.
Top of the 2nd over - 0 run(s), 0 hit(s), 0 error(s), 0 left on base; Santa Barbara 0 - Port Royal 0
BOTTOM OF THE 2ND
Port Royal Disaster batting - Pitching for Santa Barbara Golden Cranes : RHP Rocky Lannan
Batting: RHB Marvin Hunter 0-0: Called Strike
0-1: Ball
1-1: Foul Ball, location: 2F
1-2: Ball
2-2: Foul Ball, location: 2F
2-2: TRIPLE (Line Drive, 78D)
Batting: RHB Brandon Cooper 0-0: Ball
1-0: Ball
2-0: Ball
3-0: Base on Balls
Batting: SHB Arsenio Sameiro 0-0: Called Strike
0-1: Foul Ball, location: 2F
0-2: Ball
1-2: Fly out, F9 (Flyball, 89S)
Batting: RHB Paul Smith 0-0: Foul Ball, location: 2F
0-1: Swinging Strike
0-2: Strikes out swinging
Batting: RHB Ronnie Cleveland 0-0: Ball
1-0: Ball
2-0: Ball
3-0: Base on Balls
Brandon Cooper to second
Batting: RHB Barnett Armstrong 0-0: Ball
1-0: Ground out U3 (Groundball, 34)
Bottom of the 2nd over - 0 run(s), 1 hit(s), 0 error(s), 3 left on base; Santa Barbara 0 - Port Royal 0
TOP OF THE 3RD
Santa Barbara Golden Cranes batting - Pitching for Port Royal Disaster : RHP Dennis Brown
Batting: LHB Armando Villarreal 0-0: Foul Ball, location: 2F
0-1: Ball
1-1: Ground out 4-3 (Groundball, 4)
Batting: RHB Pablo Lugo 0-0: Foul Ball, location: 2F
0-1: Foul Ball, location: 2F
0-2: Foul Ball, location: 2F
0-2: Strikes out looking
Batting: RHB Salvador Noriega 0-0: Ball
1-0: Called Strike
1-1: Foul Ball, location: 2F
1-2: Strikes out swinging
Top of the 3rd over - 0 run(s), 0 hit(s), 0 error(s), 0 left on base; Santa Barbara 0 - Port Royal 0
BOTTOM OF THE 3RD
Port Royal Disaster batting - Pitching for Santa Barbara Golden Cranes : RHP Rocky Lannan
Batting: RHB Aurelio García 0-0: Called Strike
0-1: Foul Ball, location: 2F
0-2: Foul Ball, location: 2F
0-2: Ball
1-2: Ball
2-2: Ball
3-2: Foul Ball, location: 2F
3-2: Fly out, F9 (Flyball, 9S)
Batting: RHB David McJannett 0-0: Called Strike
0-1: Ball
1-1: Called Strike
1-2: Foul Ball, location: 2F
1-2: Ball
2-2: Ground out 6-3 (Groundball, 6)
Batting: RHB Manuel Becerra 0-0: Ball
1-0: Ball
2-0: Called Strike
2-1: Swinging Strike
2-2: Foul Ball, location: 2F
2-2: TRIPLE (Flyball, 78D)
Batting: RHB Marvin Hunter 0-0: Fly out, F3 (Popup, 3)
Bottom of the 3rd over - 0 run(s), 1 hit(s), 0 error(s), 1 left on base; Santa Barbara 0 - Port Royal 0
TOP OF THE 4TH
Santa Barbara Golden Cranes batting - Pitching for Port Royal Disaster : RHP Dennis Brown
Batting: RHB Luis Trevino 0-0: Ball
1-0: Swinging Strike
1-1: Ball
2-1: Swinging Strike
2-2: Strikes out swinging
Batting: RHB Ángel López 0-0: Ball
1-0: Called Strike
1-1: SINGLE (Groundball, 56D)
Batting: LHB Sixto Álvarez 0-0: Called Strike
0-1: Called Strike
0-2: Foul Ball, location: 2F
0-2: Foul Ball, location: 2F
0-2: Ball
1-2: SINGLE (Groundball, 34) (infield hit)
Ángel López to second
Batting: RHB Logan Manning 0-0: Foul Ball, location: 2F
0-1: Ball
1-1: Ball
2-1: SINGLE (Groundball, 56D)
Ángel López to third
Sixto Álvarez to second
Runner from 3rd tries for Home, SAFE, no throw
Batting: RHB Rubén Campos 0-0: Grounds into double play, 6-4-3 (Groundball, 6M)
Top of the 4th over - 1 run(s), 3 hit(s), 0 error(s), 1 left on base; Santa Barbara 1 - Port Royal 0
BOTTOM OF THE 4TH
Port Royal Disaster batting - Pitching for Santa Barbara Golden Cranes : RHP Rocky Lannan
Batting: RHB Brandon Cooper 0-0: Ball
1-0: Foul Ball, location: 2F
1-1: Foul Ball, location: 2F
1-2: Ball
2-2: Foul Ball, location: 2F
2-2: Foul Ball, location: 2F
2-2: Foul Ball, location: 2F
2-2: Fly out, F8 (Flyball, 8RM)
Batting: SHB Arsenio Sameiro 0-0: Called Strike
0-1: Called Strike
0-2: Ball
1-2: Ball
2-2: Ball
3-2: Fly out, F8 (Flyball, 8LM)
Batting: RHB Paul Smith 0-0: Called Strike
0-1: Ball
1-1: Foul Ball, location: 2F
1-2: Ball
2-2: Foul Ball, location: 2F
2-2: Fly out, F9 (Flyball, 9LM)
Bottom of the 4th over - 0 run(s), 0 hit(s), 0 error(s), 0 left on base; Santa Barbara 1 - Port Royal 0
TOP OF THE 5TH
Santa Barbara Golden Cranes batting - Pitching for Port Royal Disaster : RHP Dennis Brown
Batting: RHB Lúcio Sánchez 0-0: Called Strike
0-1: Ball
1-1: Called Strike
1-2: Strikes out looking
Batting: LHB Armando Villarreal 0-0: Ball
1-0: Ball
2-0: Reached on error, E5 (Groundball, 56)
Batting: RHB Pablo Lugo 0-0: Ball
Armando Villarreal steals 2nd base
1-0: Foul Ball, location: 2F
1-1: Foul Ball, location: 2F
1-2: Foul Ball, location: 2F
1-2: Foul Ball, location: 2F
1-2: Foul Ball, location: 2F
1-2: Foul Ball, location: 2F
1-2: Foul Ball, location: 2F
1-2: Foul Ball, location: 2F
1-2: Foul Ball, location: 2F
1-2: Fly out, F8 (Line Drive, 89M)
Batting: RHB Salvador Noriega 0-0: Called Strike
0-1: SINGLE (Groundball, 56D)
Armando Villarreal to third
Runner from 3rd tries for Home, SAFE, no throw
Batting: RHB Luis Trevino 0-0: Ball
1-0: Ball
2-0: Ball
3-0: Base on Balls
Salvador Noriega to second
Batting: RHB Ángel López 0-0: Ball
1-0: Called Strike
1-1: Ball
2-1: Ball
3-1: Fly out, F2 (Popup, P)
Top of the 5th over - 1 run(s), 1 hit(s), 1 error(s), 2 left on base; Santa Barbara 2 - Port Royal 0
BOTTOM OF THE 5TH
Port Royal Disaster batting - Pitching for Santa Barbara Golden Cranes : RHP Rocky Lannan
Batting: RHB Ronnie Cleveland 0-0: Called Strike
0-1: Fly out, F3 (Popup, 34)
Batting: RHB Barnett Armstrong 0-0: Ball
1-0: Ball
2-0: Ball
3-0: Base on Balls
Batting: RHB Aurelio García 0-0: Ball
1-0: Swinging Strike
1-1: Called Strike
1-2: Ball
2-2: Foul Ball, location: 2F
2-2: Fly out, F4 (Line Drive, 4M)
Batting: RHB David McJannett 0-0: Ball
Barnett Armstrong steals 2nd base
1-0: Ball
2-0: Foul Ball, location: 2F
2-1: Swinging Strike
2-2: Ball
3-2: Foul Ball, location: 2F
3-2: Foul Ball, location: 2F
3-2: Hit by Pitch
Batting: RHB Manuel Becerra 0-0: Called Strike
0-1: Foul Ball, location: 2F
0-2: Foul Ball, location: 2F
0-2: Ball
1-2: Foul Ball, location: 2F
1-2: Foul Ball, location: 2F
1-2: Fielders Choice at 2nd, 6-4 (Groundball, 6)
Bottom of the 5th over - 0 run(s), 0 hit(s), 0 error(s), 1 left on base; Santa Barbara 2 - Port Royal 0
TOP OF THE 6TH
Santa Barbara Golden Cranes batting - Pitching for Port Royal Disaster : RHP Dennis Brown
Pitching: RHP Alfredo Hernández
Batting: LHB Sixto Álvarez 0-0: Called Strike
0-1: SINGLE (Groundball, 34D)
Batting: RHB Logan Manning 0-0: Ball
1-0: Ball
2-0: Ball
3-0: Called Strike
3-1: Called Strike
3-2: Foul Ball, location: 2F
3-2: Foul Ball, location: 2F
3-2: Base on Balls
Sixto Álvarez to second
Batting: RHB Rubén Campos 0-0: Foul Ball, location: 2F
0-1: Called Strike
0-2: Ball
1-2: Strikes out looking
Batting: RHB Lúcio Sánchez 0-0: Ball
1-0: Ball
2-0: Called Strike
2-1: Ball
3-1: Foul Ball, location: 2F
3-2: Base on Balls
Sixto Álvarez to third
Logan Manning to second
Batting: LHB Armando Villarreal 0-0: Ball
1-0: Called Strike
1-1: Swinging Strike
1-2: Ball
2-2: Foul Ball, location: 2F
2-2: Strikes out swinging
Batting: RHB Pablo Lugo 0-0: Foul Ball, location: 2F
0-1: Swinging Strike
0-2: Fly out, F9 (Line Drive, 9)
Top of the 6th over - 0 run(s), 1 hit(s), 0 error(s), 3 left on base; Santa Barbara 2 - Port Royal 0
BOTTOM OF THE 6TH
Port Royal Disaster batting - Pitching for Santa Barbara Golden Cranes : RHP Rocky Lannan
Batting: RHB Marvin Hunter 0-0: Ball
1-0: Ball
2-0: Ground out 1-3 (Groundball, 13)
Batting: RHB Brandon Cooper 0-0: Ball
1-0: Foul Ball, location: 2F
1-1: Called Strike
1-2: Foul Ball, location: 2F
1-2: Ball
2-2: Foul Ball, location: 2F
2-2: Ball
3-2: Base on Balls
Pitching: RHP Xavier Andrade
Batting: SHB Arsenio Sameiro 0-0: Ball
1-0: Ball
2-0: Foul Ball, location: 2F
2-1: Fly out, F9 (Flyball, 9)
Batting: RHB Paul Smith 0-0: Ball
1-0: Foul Ball, location: 2F
1-1: SINGLE (Groundball, 56S) (infield hit)
Brandon Cooper to second
Batting: RHB Ronnie Cleveland 0-0: Ball
1-0: Called Strike
1-1: Called Strike
1-2: Foul Ball, location: 2F
1-2: Fly out, F7 (Flyball, 78D)
Bottom of the 6th over - 0 run(s), 1 hit(s), 0 error(s), 2 left on base; Santa Barbara 2 - Port Royal 0
TOP OF THE 7TH
Santa Barbara Golden Cranes batting - Pitching for Port Royal Disaster : RHP Alfredo Hernández
Batting: RHB Salvador Noriega 0-0: Ball
1-0: Foul Ball, location: 2F
1-1: Ball
2-1: Foul Ball, location: 2F
2-2: Ball
3-2: Foul Ball, location: 2F
3-2: Base on Balls
Batting: RHB Luis Trevino 0-0: Swinging Strike
0-1: Ball
1-1: Ball
2-1: Sac Bunt - play at first, batter OUT! 5-4
Salvador Noriega to second
Batting: RHB Ángel López 0-0: SINGLE (Groundball, 6) (infield hit)
Salvador Noriega to third
Batting: LHB Sixto Álvarez 0-0: Ball
1-0: Called Strike
Ángel López steals 2nd base
1-1: Ground out 1-3 (Groundball, 15S)
Batting: RHB Logan Manning 0-0: Ball
1-0: Swinging Strike
1-1: Called Strike
1-2: SINGLE (Groundball, 6MD)
Salvador Noriega scores
Ángel López to third
Runner from 3rd tries for Home, SAFE, no throw
Batting: RHB Rubén Campos 0-0: Ball
1-0: Ball
2-0: Called Strike
2-1: Swinging Strike
2-2: Ball
3-2: Ground out 1-3 (Groundball, P)
Top of the 7th over - 2 run(s), 2 hit(s), 0 error(s), 1 left on base; Santa Barbara 4 - Port Royal 0
BOTTOM OF THE 7TH
Port Royal Disaster batting - Pitching for Santa Barbara Golden Cranes : RHP Xavier Andrade
Batting: RHB Barnett Armstrong 0-0: Swinging Strike
0-1: Ball
1-1: Swinging Strike
1-2: SINGLE (Line Drive, 9S)
Batting: RHB Aurelio García 0-0: Ball
1-0: Foul Ball, location: 2F
1-1: Swinging Strike
1-2: Ball
2-2: DOUBLE (Line Drive, 5D)
Barnett Armstrong to third
Batting: RHB David McJannett 0-0: SINGLE (Groundball, 56D)
Barnett Armstrong scores
Aurelio García to third
Runner from 3rd tries for Home, throw and OUT!
Batting: RHB Manuel Becerra 0-0: Ball
David McJannett is caught stealing 2nd base
1-0: Ball
2-0: Ball
3-0: Base on Balls
Batting: RHB Marvin Hunter 0-0: Ball
1-0: SINGLE (Groundball, 5D)
Manuel Becerra to second
Batting: RHB Brandon Cooper 0-0: Called Strike
0-1: Swinging Strike
0-2: Ball
Wild Pitch!
Manuel Becerra to third
Marvin Hunter to second
1-2: Foul Ball, location: 2F
1-2: Ball
2-2: Foul Ball, location: 2F
2-2: Ball
Wild Pitch!
Manuel Becerra scores
Marvin Hunter to third
3-2: Foul Ball, location: 2F
3-2: Fly out, F4 (Line Drive, 4M)
Bottom of the 7th over - 2 run(s), 4 hit(s), 0 error(s), 1 left on base; Santa Barbara 4 - Port Royal 2
TOP OF THE 8TH
Santa Barbara Golden Cranes batting - Pitching for Port Royal Disaster : RHP Alfredo Hernández
Pitching: RHP Ricardo Campos
Batting: RHB Lúcio Sánchez 0-0: Called Strike
0-1: Called Strike
0-2: Foul Ball, location: 2F
0-2: Reached on error, E5 (Groundball, 56)
Batting: LHB Armando Villarreal 0-0: Ball
1-0: Swinging Strike
1-1: Fly out, F6 (Line Drive, 6)
Batting: RHB Pablo Lugo 0-0: Called Strike
0-1: Called Strike
0-2: Ground out U3 (Groundball, 34)
Lúcio Sánchez to third
Batting: RHB Salvador Noriega 0-0: Ball
1-0: Ground out 5-3 (Groundball, 56)
Top of the 8th over - 0 run(s), 0 hit(s), 1 error(s), 1 left on base; Santa Barbara 4 - Port Royal 2
BOTTOM OF THE 8TH
Port Royal Disaster batting - Pitching for Santa Barbara Golden Cranes : RHP Xavier Andrade
Batting: SHB Arsenio Sameiro 0-0: Called Strike
0-1: Ball
1-1: Foul Ball, location: 2F
1-2: Ball
2-2: Ground out 1-3 (Groundball, 15S)
Pitching: RHP Jim Unknown
Batting: RHB Paul Smith 0-0: Called Strike
0-1: Swinging Strike
0-2: Fly out, F8 (Flyball, 8RXD)
Batting: RHB Ronnie Cleveland 0-0: Ball
1-0: Ground out 5-3 (Groundball, 5L)
Bottom of the 8th over - 0 run(s), 0 hit(s), 0 error(s), 0 left on base; Santa Barbara 4 - Port Royal 2
TOP OF THE 9TH
Santa Barbara Golden Cranes batting - Pitching for Port Royal Disaster : RHP Ricardo Campos
Batting: RHB Luis Trevino 0-0: Called Strike
0-1: Called Strike
0-2: Ball
1-2: Strikes out swinging
Batting: RHB Ángel López 0-0: Ball
1-0: Ball
2-0: Called Strike
2-1: Foul Ball, location: 2F
2-2: Strikes out looking
Batting: LHB Sixto Álvarez 0-0: Ball
1-0: Fly out, F6 (Line Drive, 6)
Top of the 9th over - 0 run(s), 0 hit(s), 0 error(s), 0 left on base; Santa Barbara 4 - Port Royal 2
BOTTOM OF THE 9TH
Port Royal Disaster batting - Pitching for Santa Barbara Golden Cranes : RHP Jim Unknown
Batting: RHB Barnett Armstrong 0-0: Ball
1-0: Called Strike
1-1: Ball
2-1: SINGLE (Groundball, 56D)
Pinch Hitting: LHB Davis Mills 0-0: Grounds into double play, 6-4-3 (Groundball, 6)
Batting: RHB David McJannett 0-0: Called Strike
0-1: Swinging Strike
0-2: Fly out, F9 (Flyball, 9S)
Bottom of the 9th over - 0 run(s), 1 hit(s), 0 error(s), 0 left on base; Santa Barbara 4 - Port Royal 2
Monday, March 20th, 2017 - OOTP Baseball 17.12 Build 75